 Dungeon Crawl Stone Soup version 0.26.1-11-gd32895ea62 (webtiles) character file.

Game seed: 9320088596042329584

91 Descartes the Magician (level 4, -3/27 HPs)
             Began as a Deep Elf Wanderer on June 13, 2021.
             Killed by divine providence
             ... invoked by an orc priest
              (7 damage)
             ... on level 3 of the Dungeon.
             The game lasted 00:04:57 (3086 turns).

Descartes the Magician (Deep Elf Wanderer)          Turns: 3086, Time: 00:04:57

Health: -3/27      AC:  3    Str:  7    XL:     4   Next: 33%
Magic:  12/12      EV: 12    Int: 20    God:
Gold:   133        SH:  0    Dex: 14    Spells: 10/11 levels left

rFire    . . .     SeeInvis .   j - +4 short sword
rCold    . . .     Faith    .   (no shield)
rNeg     . . .     Spirit   .   k - +0 leather armour
rPois    .         Reflect  .   (no helmet)
rElec    .         Harm     .   (no cloak)
rCorr    .         Rampage  .   (no gloves)
Will     .....                  (no boots)
Stlth    ++........             (no amulet)
HPRegen  0.09/turn              (no ring)
MPRegen  0.13/turn              (no ring)

@: no status effects
A: no striking features
a: no special abilities


You were on level 3 of the Dungeon.
You visited 1 branch of the dungeon, and saw 3 of its levels.

You collected 133 gold pieces.

Inventory:

Hand Weapons
 a - a +2 spear
 j - a +4 short sword (weapon)
 o - a +0 hand axe of electrocution
Missiles
 b - 113 stones
 f - 2 throwing nets
 m - 25 bolts
 q - 17 poisoned darts
 r - 6 datura-tipped darts
 s - 35 arrows
Armour
 c - a +0 robe
 k - a +0 leather armour (worn)
Jewellery
 n - an uncursed amulet of magic regeneration {unknown}
Scrolls
 e - 6 scrolls of teleportation {unknown}
 i - 3 scrolls of identify {unknown}
 l - a scroll of amnesia {unknown}
 t - a scroll of blinking {unknown}
 u - a scroll of magic mapping {unknown}
Potions
 d - a potion of degeneration {unknown}
 g - a potion of attraction {unknown}
 h - 2 potions of curing {unknown}
 p - a potion of berserk rage


   Skills:
 - Level 2.4 Fighting
 - Level 1.3 Polearms
 + Level 2.6 Dodging
 + Level 3.3 Stealth
 - Level 1.0 Shields
 + Level 4.3 Spellcasting
 - Level 1.1 Translocations


You had 10 spell levels left.
You knew the following spells:

 Your Spells              Type           Power        Failure   Level
a - Apportation           Tloc           16%          12%         1

Your spell library contained the following spells:

 Spells                   Type           Power        Failure   Level
 Teleport Other           Tloc           8%           34%         3


Dungeon Overview and Level Annotations

Branches:
Dungeon (3/15)

Altars:
Cheibriados
Okawaru
Uskayaw
Zin
The Shining One


Message History

You hit the orc.
You kill the orc!
The orc priest invokes the aid of Beogh against you.
Beogh smites you!
* * * LOW HITPOINT WARNING * * *
The orc priest casts a cantrip, but nothing happens.
Things that are here:
a +0 flail; a +0 ring mail; a +0 mace You hit the orc priest.
The orc priest is moderately wounded.
The orc priest misses you.
You hit the orc priest.
The orc priest is heavily wounded.
The orc priest hits you with a +0 flail.
* * * LOW HITPOINT WARNING * * *
You hit the orc priest.
The orc priest is severely wounded.
The orc priest calls down the wrath of Beogh upon you.
Beogh smites you!
You die...

##...##...##
#. #......##
#. #.......#
#.###......##
##........##
+........##
###....###
#.#†## #@###
#.o...#
#..##.# #..#
# #... #...
..## #.


You could see an orc priest.

Vanquished Creatures
  4 adders (D:2)
  A worm (D:2)
  A dart slug (D:2)
  A leopard gecko (D:2)
  3 orcs (D:3)
  A ball python (D:1)
  4 bats
  4 giant cockroaches
  3 goblins
  4 hobgoblins
  3 jackals (D:2)
  4 kobolds
  3 quokkas
  A frilled lizard (D:2)
  8 rats
45 creatures vanquished.

Notes
Turn   | Place    | Note
-------+----------+-------------------------------------------
     0 | D:1      | Descartes the Deep Elf Wanderer began the quest for the
                  | Orb.
     0 | D:1      | Descartes set off with the following items: a +2 spear, a
                  | +0 robe; and the following spell memorised: Apportation;
                  | and the following spells available to memorise: Teleport
                  | Other
     0 | D:1      | Reached XP level 1. HP: 13/13 MP: 6/6
   320 | D:1      | Reached skill level 1 in Dodging
   320 | D:1      | Reached XP level 2. HP: 9/18 MP: 8/8
  1390 | D:2      | Found a glowing silver altar of Zin.
  1390 | D:2      | Found a hide-covered altar of Uskayaw.
  1391 | D:2      | Found a snail-covered altar of Cheibriados.
  1399 | D:2      | Found an iron altar of Okawaru.
  1481 | D:2      | Found a glowing golden altar of the Shining One.
  1554 | D:2      | Reached XP level 3. HP: 11/22 MP: 10/10
  1855 | D:2      | HP: 1/22 [poisoned by an adder]
  2208 | D:1      | Reached skill level 4 in Spellcasting
  2345 | D:2      | Reached XP level 4. HP: 17/27 MP: 12/12
  3086 | D:3      | Killed from afar by an orc priest

Illustrated notes

Levels and vault maps discovered:
D:1:      minmay_arrival_shattered_statue, layout_basic
D:2:      layout_rooms, nicolae_overflow_crystal_walls,
          grunt_temple_overflow_open
D:3:      minmay_inner_zag, layout_loops_corners,
          nicolae_qazlal_style_of_elements

Skill      XL: |  1  2  3 |
---------------+----------+-----
Dodging        | 1 2 |  2.6
Stealth        | 2 3 |  3.3
Spellcasting   | 4 |  4.3
Fighting       | |  2.4
Polearms       | |  1.3
Shields        | |  1.0
Translocations | |  1.1

Action                   |  1- 3 |  4- 6 || total
-------------------------+-------+-------++-------
Melee: Spear             |   112 |       ||   112
       Short sword       |    19 |    42 ||    61
 Cast: Apportation       |     6 |       ||     6
  Use: Potion            |     3 |       ||     3
 Stab: Sleeping          |     9 |     1 ||    10
Armor: Robe              |     2 |       ||     2
       Leather armour    |    31 |     9 ||    40
Dodge: Dodged            |    72 |    37 ||   109
